PIO (24 & UNDER)
JASPER COUGARS @ COLORADO COMMANDERS
08/15/2027
 
TOP OF THE 1ST
Jasper Cougars batting - Pitching for Colorado Commanders : RHP Jesús Medina
Pitching: RHP Jesús Medina
Batting: LHB David Adams 0-0: Ball
1-0: Foul Ball, location: 2F
1-1: Foul Ball, location: 2F
1-2: Ball
2-2: Fly out, F9 (Flyball, 89M)
Batting: RHB Charles Lewis 0-0: Called Strike
0-1: SINGLE (Flyball, 9LS)
Batting: LHB António Camacho 0-0: Ball
1-0: Foul Ball, location: 2F
1-1: Ball
2-1: Fly out, F8 (Flyball, 8RM)
Batting: SHB Rafael Acosta 0-0: Ball
1-0: Ball
2-0: Fly out, F7 (Flyball, 7LS)
Top of the 1st over - 0 run(s), 1 hit(s), 0 error(s), 1 left on base; Jasper 0 - Colorado 0
BOTTOM OF THE 1ST
Colorado Commanders batting - Pitching for Jasper Cougars : RHP Andrés Ruíz
Pitching: RHP Andrés Ruíz
Batting: RHB Félix Campos 0-0: Swinging Strike
0-1: Ball
1-1: Called Strike
1-2: Strikes out swinging
Batting: RHB Ray Ervin 0-0: Foul Ball, location: 2F
0-1: Called Strike
0-2: Foul Ball, location: 2F
0-2: Ball
1-2: Ball
2-2: Strikes out swinging
Batting: LHB Arturo Rodledo 0-0: Ball
1-0: Fly out, F8 (Flyball, 8LS)
Bottom of the 1st over - 0 run(s), 0 hit(s), 0 error(s), 0 left on base; Jasper 0 - Colorado 0
TOP OF THE 2ND
Jasper Cougars batting - Pitching for Colorado Commanders : RHP Jesús Medina
Batting: RHB Ron Elazar 0-0: Ball
1-0: Ball
2-0: Ball
3-0: Base on Balls
Batting: LHB Jon Scott 0-0: Called Strike
0-1: Called Strike
0-2: Ball
1-2: Foul Ball, location: 2F
1-2: Strikes out swinging
Batting: LHB Francisco Cardenas 0-0: Ball
Ron Elazar is caught stealing 2nd base
1-0: Ball
2-0: Foul Ball, location: 2F
2-1: Foul Ball, location: 2F
2-2: SINGLE (Flyball, 8LS)
Batting: RHB José Maldonado 0-0: Called Strike
0-1: Ball
1-1: Ball
2-1: Fly out, F8 (Flyball, 8RD)
Top of the 2nd over - 0 run(s), 1 hit(s), 0 error(s), 1 left on base; Jasper 0 - Colorado 0
BOTTOM OF THE 2ND
Colorado Commanders batting - Pitching for Jasper Cougars : RHP Andrés Ruíz
Batting: RHB Mike Martin 0-0: Ball
1-0: Called Strike
1-1: Swinging Strike
1-2: Ball
2-2: Foul Ball, location: 2F
2-2: Strikes out swinging
Batting: RHB Frank Martínez 0-0: Ball
1-0: Foul Ball, location: 2F
1-1: Foul Ball, location: 2F
1-2: Ground out 6-3 (Groundball, 6)
Batting: RHB Carl O'Dell 0-0: Ball
1-0: Swinging Strike
1-1: Swinging Strike
1-2: Ground out 5-3 (Groundball, 56)
Bottom of the 2nd over - 0 run(s), 0 hit(s), 0 error(s), 0 left on base; Jasper 0 - Colorado 0
TOP OF THE 3RD
Jasper Cougars batting - Pitching for Colorado Commanders : RHP Jesús Medina
Batting: RHB Alberto Castillo 0-0: Called Strike
0-1: Called Strike
0-2: Foul Ball, location: 2F
0-2: Foul Ball, location: 2F
0-2: Foul Ball, location: 2F
0-2: Fly out, F4 (Line Drive, 4)
Batting: LHB David Adams 0-0: Swinging Strike
0-1: Ball
1-1: Ball
2-1: Foul Ball, location: 2F
2-2: Strikes out swinging
Batting: RHB Charles Lewis 0-0: Swinging Strike
0-1: Ball
1-1: Foul Ball, location: 2F
1-2: Ground out 5-3 (Groundball, 56S)
Top of the 3rd over - 0 run(s), 0 hit(s), 0 error(s), 0 left on base; Jasper 0 - Colorado 0
BOTTOM OF THE 3RD
Colorado Commanders batting - Pitching for Jasper Cougars : RHP Andrés Ruíz
Batting: RHB Chris Rice 0-0: Ball
1-0: Foul Ball, location: 2F
1-1: Swinging Strike
1-2: Strikes out swinging
Batting: RHB Clarence Robertson 0-0: Swinging Strike
0-1: Called Strike
0-2: Strikes out looking
Batting: RHB Tony Barton 0-0: Foul Ball, location: 2F
0-1: Hit by Pitch
Batting: RHB Félix Campos 0-0: Called Strike
Tony Barton steals 2nd base
0-1: Called Strike
0-2: Ground out 4-3 (Groundball, 4)
Bottom of the 3rd over - 0 run(s), 0 hit(s), 0 error(s), 1 left on base; Jasper 0 - Colorado 0
TOP OF THE 4TH
Jasper Cougars batting - Pitching for Colorado Commanders : RHP Jesús Medina
Batting: LHB António Camacho 0-0: Foul Ball, location: 2F
0-1: Ball
1-1: Foul Ball, location: 2F
1-2: Strikes out looking
Batting: SHB Rafael Acosta 0-0: Called Strike
0-1: Foul Ball, location: 2F
0-2: Ball
1-2: Strikes out swinging
Batting: RHB Ron Elazar 0-0: Ball
1-0: Foul Ball, location: 2F
1-1: Called Strike
1-2: Foul Ball, location: 2F
1-2: Ball
2-2: Foul Ball, location: 2F
2-2: Ball
3-2: Foul Ball, location: 2F
3-2: Base on Balls
Batting: LHB Jon Scott 0-0: Ball
1-0: Called Strike
1-1: Ball
2-1: Ball
3-1: Base on Balls
Ron Elazar to second
Batting: LHB Francisco Cardenas 0-0: Ball
1-0: Ball
2-0: Ball
3-0: Called Strike
3-1: Fielders Choice at 2nd, 6-4 (Groundball, 6)
Top of the 4th over - 0 run(s), 0 hit(s), 0 error(s), 1 left on base; Jasper 0 - Colorado 0
BOTTOM OF THE 4TH
Colorado Commanders batting - Pitching for Jasper Cougars : RHP Andrés Ruíz
Batting: RHB Ray Ervin 0-0: Ball
1-0: Called Strike
1-1: Swinging Strike
1-2: Foul Ball, location: 2F
1-2: Fly out, F8 (Flyball, 89S)
Batting: LHB Arturo Rodledo 0-0: Called Strike
0-1: Ground out 4-3 (Groundball, 4)
Batting: RHB Mike Martin 0-0: Foul Ball, location: 2F
0-1: Ball
1-1: Ball
2-1: Ball
3-1: Foul Ball, location: 2F
3-2: Foul Ball, location: 2F
3-2: Base on Balls
Batting: RHB Frank Martínez 0-0: Called Strike
0-1: Ball
1-1: Ball
2-1: Foul Ball, location: 2F
2-2: Fly out, F8 (Flyball, 89M)
Bottom of the 4th over - 0 run(s), 0 hit(s), 0 error(s), 1 left on base; Jasper 0 - Colorado 0
TOP OF THE 5TH
Jasper Cougars batting - Pitching for Colorado Commanders : RHP Jesús Medina
Batting: RHB José Maldonado 0-0: Ball
1-0: Ball
2-0: Ball
3-0: Called Strike
3-1: Base on Balls
Batting: RHB Alberto Castillo 0-0: Ball
1-0: Swinging Strike
1-1: Reached on error, E5 (Groundball, 5S)
José Maldonado to second
Batting: LHB David Adams 0-0: Called Strike
0-1: Ball
1-1: Ball
2-1: Ball
3-1: Foul Ball, location: 2F
3-2: Base on Balls
José Maldonado to third
Alberto Castillo to second
Pitching: LHP Manuel Reyes
Batting: RHB Charles Lewis 0-0: Ball
1-0: SINGLE (Groundball, 6MD)
José Maldonado scores
Alberto Castillo to third
David Adams to second
Batting: LHB António Camacho 0-0: Ball
1-0: Reached on error, E4 (Groundball, 4)
Alberto Castillo scores
David Adams to third
Charles Lewis to second
Batting: SHB Rafael Acosta 0-0: Called Strike
0-1: Ball
1-1: Swinging Strike
1-2: Strikes out looking
Batting: RHB Ron Elazar 0-0: Hit by Pitch
David Adams scores
Charles Lewis to third
António Camacho to second
Batting: LHB Jon Scott 0-0: Called Strike
0-1: Grounds into double play, 1-2-3 (Groundball, 13S)
Top of the 5th over - 3 run(s), 1 hit(s), 2 error(s), 2 left on base; Jasper 3 - Colorado 0
BOTTOM OF THE 5TH
Colorado Commanders batting - Pitching for Jasper Cougars : RHP Andrés Ruíz
Batting: RHB Carl O'Dell 0-0: Ball
1-0: Called Strike
1-1: Called Strike
1-2: Ball
2-2: Strikes out swinging
Batting: RHB Chris Rice 0-0: Ball
1-0: SINGLE (Groundball, 6D)
Batting: RHB Clarence Robertson 0-0: Called Strike
0-1: Ball
1-1: Foul Ball, location: 2F
1-2: Foul Ball, location: 2F
1-2: Grounds into double play, 1-6-3 (Groundball, P)
Bottom of the 5th over - 0 run(s), 1 hit(s), 0 error(s), 0 left on base; Jasper 3 - Colorado 0
TOP OF THE 6TH
Jasper Cougars batting - Pitching for Colorado Commanders : LHP Manuel Reyes
Batting: LHB Francisco Cardenas 0-0: Ball
1-0: Foul Ball, location: 2F
1-1: Ball
2-1: Ball
3-1: Base on Balls
Batting: RHB José Maldonado 0-0: Ball
1-0: Ball
2-0: Ball
3-0: Base on Balls
Francisco Cardenas to second
Batting: RHB Alberto Castillo 0-0: Foul Ball, location: 2F
0-1: Foul Ball, location: 2F
0-2: Ball
1-2: Foul Ball, location: 2F
1-2: Ball
2-2: Ball
3-2: Base on Balls
Francisco Cardenas to third
José Maldonado to second
Batting: LHB David Adams 0-0: Called Strike
0-1: Swinging Strike
0-2: Foul Ball, location: 2F
0-2: Ball
1-2: Ball
2-2: Strikes out swinging
Batting: RHB Charles Lewis 0-0: Fly out, F8 (Flyball, 8RS)
Batting: LHB António Camacho 0-0: Called Strike
0-1: Ground out U3 (Groundball, 3)
Top of the 6th over - 0 run(s), 0 hit(s), 0 error(s), 3 left on base; Jasper 3 - Colorado 0
BOTTOM OF THE 6TH
Colorado Commanders batting - Pitching for Jasper Cougars : RHP Andrés Ruíz
Batting: RHB Tony Barton 0-0: Ball
1-0: Ground out 6-3 (Groundball, 6)
Batting: RHB Félix Campos 0-0: Called Strike
0-1: Ball
1-1: Foul Ball, location: 2F
1-2: Ball
2-2: Foul Ball, location: 2F
2-2: Ball
3-2: Strikes out swinging
Batting: RHB Ray Ervin 0-0: Called Strike
0-1: Ball
1-1: Swinging Strike
1-2: Strikes out swinging
Bottom of the 6th over - 0 run(s), 0 hit(s), 0 error(s), 0 left on base; Jasper 3 - Colorado 0
TOP OF THE 7TH
Jasper Cougars batting - Pitching for Colorado Commanders : LHP Manuel Reyes
Batting: SHB Rafael Acosta 0-0: Called Strike
0-1: Ball
1-1: Ball
2-1: Foul Ball, location: 2F
2-2: SINGLE (Line Drive, 8LS)
Batting: RHB Ron Elazar 0-0: Ball
1-0: Foul Ball, location: 2F
1-1: Ball
2-1: Fly out, F8 (Flyball, 8RD)
Batting: LHB Jon Scott 0-0: Called Strike
0-1: Ball
1-1: Hit by Pitch
Rafael Acosta to second
Batting: LHB Francisco Cardenas 0-0: Called Strike
Rafael Acosta steals 3rd base
Jon Scott to second
0-1: Ball
1-1: Called Strike
1-2: Strikes out swinging
Pitching: RHP Tomás Marte
Batting: RHB José Maldonado 0-0: Called Strike
0-1: Swinging Strike
0-2: Strikes out swinging
Top of the 7th over - 0 run(s), 1 hit(s), 0 error(s), 2 left on base; Jasper 3 - Colorado 0
BOTTOM OF THE 7TH
Colorado Commanders batting - Pitching for Jasper Cougars : RHP Andrés Ruíz
Batting: LHB Arturo Rodledo 0-0: Called Strike
0-1: Ball
1-1: Ground out U3 (Groundball, 34)
Pitching: LHP Robert Williams
Batting: RHB Mike Martin 0-0: Called Strike
0-1: Called Strike
0-2: Ball
1-2: Foul Ball, location: 2F
1-2: Foul Ball, location: 2F
1-2: Strikes out swinging
Batting: RHB Frank Martínez 0-0: Ball
1-0: Foul Ball, location: 2F
1-1: Called Strike
1-2: Foul Ball, location: 2F
1-2: Ball
2-2: Strikes out looking
Bottom of the 7th over - 0 run(s), 0 hit(s), 0 error(s), 0 left on base; Jasper 3 - Colorado 0
TOP OF THE 8TH
Jasper Cougars batting - Pitching for Colorado Commanders : RHP Tomás Marte
Batting: RHB Alberto Castillo 0-0: Ball
1-0: Foul Ball, location: 2F
1-1: Ground out 6-3 (Groundball, 6D)
Batting: LHB David Adams 0-0: Called Strike
0-1: Called Strike
0-2: Ball
1-2: Ball
2-2: SINGLE (Groundball, 6D)
Batting: RHB Charles Lewis 0-0: Ball
1-0: Ground out 5-3 (Groundball, 56S)
David Adams to second
Batting: LHB António Camacho 0-0: Fly out, F7 (Flyball, 78M)
Top of the 8th over - 0 run(s), 1 hit(s), 0 error(s), 1 left on base; Jasper 3 - Colorado 0
BOTTOM OF THE 8TH
Colorado Commanders batting - Pitching for Jasper Cougars : LHP Robert Williams
Batting: RHB Carl O'Dell 0-0: Foul Ball, location: 2F
0-1: Ball
1-1: Swinging Strike
1-2: Strikes out looking
Batting: RHB Chris Rice 0-0: Called Strike
0-1: Ball
1-1: Foul Ball, location: 2F
1-2: SOLO HOME RUN (Flyball, 8RXD), Distance : 440 ft
Batting: RHB Clarence Robertson 0-0: Foul Ball, location: 2F
0-1: Swinging Strike
0-2: Ball
1-2: Foul Ball, location: 2F
1-2: Foul Ball, location: 2F
1-2: Foul Ball, location: 2F
1-2: Fly out, F7 (Flyball, 7)
Batting: RHB Tony Barton 0-0: Foul Ball, location: 2F
0-1: SINGLE (Line Drive, 34D)
Pitching: LHP Edgardo Reyes
Batting: RHB Félix Campos 0-0: Foul Ball, location: 2F
0-1: Ball
1-1: Ball
2-1: Foul Ball, location: 2F
2-2: Ball
3-2: Fly out, F2 (Popup, 25)
Bottom of the 8th over - 1 run(s), 2 hit(s), 0 error(s), 1 left on base; Jasper 3 - Colorado 1
TOP OF THE 9TH
Jasper Cougars batting - Pitching for Colorado Commanders : RHP Tomás Marte
Batting: SHB Rafael Acosta 0-0: Ball
1-0: Called Strike
1-1: Ball
2-1: Foul Ball, location: 2F
2-2: Foul Ball, location: 2F
2-2: Foul Ball, location: 2F
2-2: Ball
3-2: Foul Ball, location: 2F
3-2: Foul Ball, location: 2F
3-2: Fly out, F8 (Flyball, 78M)
Batting: RHB Ron Elazar 0-0: Ball
1-0: Ball
2-0: Swinging Strike
2-1: Called Strike
2-2: Fly out, F9 (Flyball, 9D)
Batting: LHB Jon Scott 0-0: Ball
1-0: Swinging Strike
1-1: SINGLE (Groundball, 3D)
Batting: LHB Francisco Cardenas 0-0: Swinging Strike
0-1: Foul Ball, location: 2F
0-2: Foul Ball, location: 2F
0-2: Ball
1-2: Strikes out swinging
Top of the 9th over - 0 run(s), 1 hit(s), 0 error(s), 1 left on base; Jasper 3 - Colorado 1
BOTTOM OF THE 9TH
Colorado Commanders batting - Pitching for Jasper Cougars : LHP Edgardo Reyes
Pitching: RHP José Orozco
Batting: RHB Ray Ervin 0-0: Called Strike
0-1: Ball
1-1: Ball
2-1: SINGLE (Line Drive, 7LS)
Pinch Runner at 1st Rafael López:
Batting: LHB Arturo Rodledo 0-0: Ball
1-0: Grounds into double play, 4-6-3 (Groundball, 4)
Batting: RHB Mike Martin 0-0: Fly out, F9 (Flyball, 89S)
Bottom of the 9th over - 0 run(s), 1 hit(s), 0 error(s), 0 left on base; Jasper 3 - Colorado 1
Thursday, March 30th, 2017 - OOTP Baseball 17.12 Build 75